 Dungeon Crawl Stone Soup version 0.30-a0-779-g7971cf19c3 (webtiles) character file.

Game seed: 17485032007910365188

1805545 oldriver the Slayer (level 27, 193/193 HPs)
             Began as a Gargoyle Earth Elementalist on Feb 18, 2023.
             Was the Champion of Kikubaaqudgha.
             Escaped with the Orb
             ... and 4 runes!
             The game lasted 03:38:41 (111099 turns).

oldriver the Slayer (Gargoyle Earth Elementalist) Turns: 111099, Time: 03:38:42

Health: 193/193    AC: 50    Str: 17    XL:     27
Magic:  56/56      EV: 19    Int: 34    God:    Kikubaaqudgha [******]
Gold:   4130       SH: 18    Dex: 14    Spells: 29/67 levels left

rFire   + + .      SeeInvis +    Y - +5 flail of the Hated {freeze, rF+ rCorr MP+9 Int+3}
rCold   + . .      Faith    .    k - +5 kite shield {reflect}
rNeg    + . .      Spirit   .    p - quicksilver dragon scales
rPois   ∞          Reflect  +    Z - +2 helmet of the Tanner {Int+3}
rElec   +          Harm     .    t - +1 cloak of Starlight {*Dazzle EV+4 Stlth--}
rCorr   +          Rampage  .    R - +2 pair of gloves {Str+3}
Will    +++..                    x - +2 pair of boots
Stlth   +                        V - amulet of magic regeneration
HPRegen 1.32/turn                c - ring "Kuhisare" {rF+ Dex+4 SInv}
MPRegen 0.75/turn                U - ring of protection from cold

@: flying, studying 3 skills
A: sickness immunity, AC +20, big wings, negative energy resistance 1,
electricity resistance, torment resistance 1, petrification resistance,
regeneration 1
0: Orb of Zot
}: 4/15 runes: decaying, slimy, silver, gossamer
a: Renounce Religion, Unearth Wretches, Torment


You escaped.
You worshipped Kikubaaqudgha.
Kikubaaqudgha was exalted by your worship.
You visited 12 branches of the dungeon, and saw 56 of its levels.
You visited 2 bazaars.
You also visited: Ossuary and Ice Cave.

You collected 8526 gold pieces.
You spent 4396 gold pieces at shops.

Inventory:

Hand Weapons
 f - the +6 Majin-Bo {spellvamp, MP+6 Int+6}
   (You acquired it on level 3 of the Dungeon)

   Int:       It affects your intelligence (+6).
   MP:        It affects your magic capacity (+6).
 Y - the +5 flail of the Hated (weapon) {freeze, rF+ rCorr MP+9 Int+3}
   (You found it on level 14 of the Dungeon)

   Int:       It affects your intelligence (+3).
   rF:        It protects you from fire.
   MP:        It affects your magic capacity (+9).
   rCorr:     It protects you from acid and corrosion.
Missiles
 D - a throwing net
Armour
 k - a +5 kite shield of reflection (worn)
 p - quicksilver dragon scales (worn)
 r - a scarf of resistance
 t - the +1 cloak of Starlight (worn) {*Dazzle EV+4 Stlth--}
   (You found it on level 5 of the Pits of Slime)

   *Dazzle:   It may blind those who miss an attack against the wearer in melee
   combat.
   EV:        It affects your evasion (+4).
   Stlth:     It makes you much less stealthy.
 x - a +2 pair of boots (worn)
 R - a +2 pair of gloves of strength (worn)
 Z - the +2 helmet of the Tanner (worn) {Int+3}
   (You bought it in a shop on level 2 of the Orcish Mines)

   Int:       It affects your intelligence (+3).
Jewellery
 c - the ring "Kuhisare" (left hand) {rF+ Dex+4 SInv}
   (You found it on level 5 of the Vaults)

   [ring of see invisible]

   Dex:       It affects your dexterity (+4).
   rF:        It protects you from fire.
   SInv:      It lets you see invisible.
 h - the ring of Salvation {Will- rCorr Dex+2 Slay+4 SInv}
   (You found it on level 5 of the Pits of Slime)

   [ring of see invisible]

   Dex:       It affects your dexterity (+2).
   Slay:      It affects your accuracy & damage with ranged weapons and melee
   (+4).
   SInv:      It lets you see invisible.
   rCorr:     It protects you from acid and corrosion.
   Will:      It decreases your willpower.
 M - a ring of willpower
 U - a ring of protection from cold (right hand)
 V - an amulet of magic regeneration (around neck)
Wands
 v - a wand of quicksilver (23)
 C - a wand of roots (52)
 F - a wand of flame (78)
 H - a wand of mindburst (37)
 J - a wand of digging (22)
 L - a wand of charming (34)
Scrolls
 e - 12 scrolls of fog
 j - 7 scrolls of magic mapping
 w - 18 scrolls of teleportation
 y - 5 scrolls of immolation
 A - 2 scrolls of butterflies
 B - a scroll of silence
 G - 8 scrolls of fear
 N - 8 scrolls of amnesia
 O - a scroll of enchant weapon
 P - a scroll of poison
 S - 4 scrolls of blinking
 X - 43 scrolls of identify
Potions
 a - 8 potions of brilliance
 b - 2 potions of resistance
 d - 32 potions of curing
 l - a potion of magic
 m - 2 potions of berserk rage
 n - 4 potions of cancellation
 o - 7 potions of heal wounds
 q - 21 potions of might
 z - 13 potions of lignification
 I - 5 potions of ambrosia
 Q - 5 potions of invisibility
 W - 7 potions of mutation
Miscellaneous
 g - a phantom mirror
 i - a condenser vane
 s - a phial of floods
 K - a lightning rod (4/4)
 T - a tin of tremorstones (2/2)


   Skills:
 - Level 25.0 Fighting
 - Level 13.4(14.0) Maces & Flails
 - Level 6.0(10.5) Staves
 - Level 17.0 Armour
 - Level 11.0 Dodging
 - Level 10.0 Stealth
 - Level 15.0 Shields
 + Level 20.9 Spellcasting
 - Level 14.0 Conjurations
 - Level 5.0 Necromancy
 - Level 17.0 Translocations
 - Level 5.0 Transmutations
 - Level 22.0 Earth Magic
 - Level 11.0 Evocations


You had 29 spell levels left.
You knew the following spells:

 Your Spells              Type           Power      Damage    Failure   Level
a - Sandblast             Erth           100%       2d20      0%          1
b - Passwall              Tmut/Erth      75%        N/A       0%          2
c - Stone Arrow           Conj/Erth      100%       3d13      0%          3
d - Dispersal             Tloc           50%        N/A       1%          6
i - Iron Shot             Conj/Erth      51%        9d10      1%          6
l - Lee's Rapid Deconstr  Erth           55%        3d26*     0%          5
m - Iskenderun's Mystic   Conj/Tloc      96%        2d19      1%          4
p - Petrify               Tmut/Erth      91%        N/A       1%          4
q - Blink                 Tloc           100%       N/A       0%          2
v - Borgnjor's Vile Clut  Necr/Erth      45%        N/A       1%          5

Your spell library contained the following spells:

 Spells                   Type           Power      Damage    Failure   Level
 Apportation              Tloc           100%       N/A       0%          1
 Lesser Beckoning         Tloc           100%       N/A       0%          2
 Momentum Strike          Conj/Tloc      100%       3d10      0%          2
 Searing Ray              Conj           100%       2d8       0%          2
 Gell's Gravitas          Tloc           100%       N/A       0%          3
 Teleport Other           Tloc           100%       N/A       0%          3
 Kiss of Death            Conj/Necr      100%       2d13      1%          1
 Necrotise                Necr           100%       1d9       1%          1
 Shock                    Conj/Air       100%       1d9       1%          1
 Sting                    Tmut/Pois      100%       1d8       1%          1
 Static Discharge         Conj/Air       100%       2-7/arc   1%          2
 Wereblood                Tmut           62%        N/A       1%          2
 Dazzling Flash           Conj/Hex       100%       N/A       1%          3
 Hailstorm                Conj/Ice       70%        3d15      1%          3
 Kindle Blastsparks       Fire/Tloc/Air  100%       2d18      1%          3
 Mephitic Cloud           Conj/Pois/Air  61%        N/A       1%          3
 Portal Projectile        Hex/Tloc       100%       N/A       1%          3
 Vampiric Draining        Necr           62%        2d10      1%          3
 Animate Armour           Summ/Erth      100%       N/A       1%          4
 Flame Wave               Conj/Fire      70%        2d16      1%          4
 Fulminant Prism          Conj/Hex       35%        3d17      1%          4
 Leda's Liquefaction      Hex/Erth       42%        N/A       1%          4
 Manifold Assault         Tloc           100%       N/A       1%          4
 Passage of Golubria      Tloc           100%       N/A       1%          4
 Sticky Flame             Conj/Fire      70%        2d8       1%          4
 Irradiate                Conj/Tmut      39%        3d24      1%          5
 Freeze                   Ice            100%       1d10      2%          1
 Summon Small Mammal      Summ           100%       N/A       2%          1
 Ensorcelled Hibernation  Hex/Ice        70%        N/A       3%          2
 Poisonous Vapours        Pois/Air       70%        N/A       3%          2
 Scorch                   Fire           70%        2d8       3%          2
 Animate Dead             Necr           62%        N/A       3%          4
 Dispel Undead            Necr           62%        3d22      3%          4
 Fireball                 Conj/Fire      35%        3d15      3%          5
 Lightning Bolt           Conj/Air       35%        1d53      3%          5
 Orb of Destruction       Conj           46%        9d12      6%          7
 Call Canine Familiar     Summ           35%        N/A       7%          3
 Frozen Ramparts          Ice            70%        1d11      7%          3
 Inner Flame              Hex/Fire       35%        N/A       7%          3
 Ozocubu's Armour         Ice            35%        N/A       7%          3
 Summon Guardian Golem    Hex/Summ       35%        N/A       7%          3
 Swiftness                Air            35%        N/A       7%          3
 Tukima's Dance           Hex            35%        N/A       7%          3
 Anguish                  Hex/Necr       25%        N/A       9%          4
 Ice Form                 Ice/Tmut       51%        N/A       9%          4
 Agony                    Necr           62%        N/A       9%          5
 Blade Hands              Tmut           31%        N/A       9%          5
 Lehudib's Crystal Spear  Conj/Erth      51%        10d12     9%          8
 Conjure Ball Lightning   Conj/Air       35%        3x3d11    19%         6
 Airstrike                Air            17%        2d(3-19)  22%         4
 Cause Fear               Hex            17%        N/A       22%         4
 Olgreb's Toxic Radiance  Pois           35%        N/A       22%         4
 Summon Ice Beast         Ice/Summ       35%        N/A       22%         4
 Summon Lightning Spire   Summ/Air       35%        N/A       22%         4
 Alistair's Intoxication  Tmut/Pois      34%        N/A       22%         5
 Yara's Violent Unravell  Hex/Tmut       25%        3d11      22%         5
 Death Channel            Necr           31%        N/A       41%         6
 Silence                  Hex/Air        17%        N/A       54%         5
 Spellforged Servitor     Conj/Summ      35%        N/A       71%         7
 Eringya's Noxious Bog    Tmut/Pois      25%        N/A       77%         6
 Summon Cactus Giant      Summ           17%        N/A       98%         6
 Enfeeble                 Hex            17%        N/A       100%        7
 Haunt                    Necr/Summ      25%        N/A       100%        7
 Ozocubu's Refrigeration  Ice            17%        4d11      100%        7
 Storm Form               Tmut/Air       25%        N/A       100%        7
 Summon Hydra             Summ           17%        N/A       100%        7
 Borgnjor's Revivificati  Necr           31%        N/A       100%        8
 Discord                  Hex            17%        N/A       100%        8
 Ignition                 Fire           17%        3d7       100%        8
 Infestation              Necr           31%        N/A       100%        8
 Maxwell's Capacitive Co  Air            17%        ∞         100%        8
 Necromutation            Tmut/Necr      31%        N/A       100%        8
 Death's Door             Necr           31%        N/A       100%        9
 Fire Storm               Conj/Fire      35%        8d9       100%        9
 Cigotuvi's Dreadful Rot  Necr/Pois/Air  Unusable   N/A       N/A         2
 Sublimation of Blood     Necr           Unusable   N/A       N/A         2

Dungeon Overview and Level Annotations

Branches:
Dungeon (15/15)            Temple (1/1) D:6            Lair (5/5) D:11
  Swamp (4/4) Lair:2       Spider (4/4) Lair:2        Slime (5/5) Lair:4
    Orc (2/2) D:9             Elf (3/3) Orc:2        Vaults (5/5) D:13
  Crypt (3/3) Vaults:2       Tomb (0/3) Crypt:3      Depths (4/4) D:15
    Zot (5/5) Depths:4    Ossuary (visited)           IceCv (visited)

Altars:
Ashenzari
Cheibriados
Dithmenos
Elyvilon
Fedhas
Gozag
Hepliaklqana
Kikubaaqudgha
Makhleb
Nemelex Xobeh
Okawaru
Qazlal
Ru
Sif Muna
Trog
Uskayaw
Vehumet
Wu Jian
Xom
Yredelemnul
Zin
The Shining One
Jiyva
Lugonu

Shops:
D:2 (:!   D:8 [   D:9 (   Orc:1 (*   Orc:2 ([(:   Elf:2 (   Elf:3 [
Vaults:5 (

Portals:
Hell: Depths:1 Depths:2 Depths:3 Depths:4
Abyss: Elf:1 Depths:1 Depths:3
Pandemonium: Depths:2
Ziggurat: Depths:4
Trove: Vaults:4 (give 2 scrolls of acquirement)

Annotations:
Swamp:1 2 transporters, exclusion: obsidian statue
Orc:1 2 transporters, osoart's ghost, journeyman FoFi


Innate Abilities, Weirdness & Mutations

You are immune to sickness and miasma.
Your stone body is resilient. (AC +20)
You are immune to poison.
Your large and strong wings let you fly.
You resist negative energy. (rN+)
You are resistant to electric shocks. (rElec)
You are resistant to unholy torment.
You are immune to petrification.
Your natural rate of healing is unusually fast.


Message History

You finish merging with the rock.
There is a stone staircase leading up here.
You fly upwards.
There is a stone staircase leading down here.
(D) Dungeon (T) Temple (L) Lair (S) Swamp (N) Spider Nest (M) Slime Pits (O) Orcish Mines (E) Elven Halls (V) Vaults (C) Crypt (W) Tomb (U) Depths (H) Hell (Z) Zot
Where to? (Enter - D:1, ? - help)
What level of the Dungeon? (default 1, ? - help)
A lorocyproca comes into view.
The lorocyproca moves out of view.
The iron shot hits the lorocyproca!!!
The lorocyproca is heavily wounded.
The iron shot hits the lorocyproca!!!
You kill the lorocyproca!
Kikubaaqudgha accepts your kill.
There is a stone staircase leading up here.
You fly upwards.
There is a stone staircase leading down here.
Blink to where?
Press: ? - help, Dir - move target
Okay, then.
An ice devil comes into view.
Casting: Iron Shot (mildly dangerous; 1% risk of failure)
Confirm with . or Enter, or press ? or * to list all spells.
Aiming: Passwall (safe; 0% risk of failure)
Press: ? - help, Dir - move target A rock wall.
This square is covered in magical glow.
You begin to meditate on the wall.
You continue meditating on the rock. x2
Magic restored.
You finish merging with the rock.
Blink to where?
Press: ? - help, Dir - move target
As you read the scroll of blinking, it crumbles to dust.
Blink to where?
Press: ? - help, Dir - move target
As you read the scroll of blinking, it crumbles to dust.
You have escaped!

###
#.##################
#.............[.....
#.################.#
###.# ##############.#
#...###>≈≈~≈≈≈≈~~>##.#
###.#.##..~~≈~~..##..#
#.#@.###.~≈~.###...#
#.#....###~###...§.#
#.##.....#'#.....###
#.###...........## #
#.# ###.......### #
##.# ###...### # #..#
######'######### #.##
#..............# #.#
##.####..####.##


There were no monsters in sight!

Vanquished Creatures
  the Royal Jelly (Slime:5)
  Dissolution (Slime:4)
  6 dread liches
  3 ancient liches
  4 orbs of fire (Zot:5)
  Mennas (Vaults:3)
  Sojobo (Depths:4)
  Vv (Crypt:1)
  Frederick (Vaults:3)
  the Lernaean hydra (Swamp:4)
  2 Killer Klowns (Zot:5)
  3 curse toes
  6 golden dragons
  A bone dragon (Crypt:3)
  2 electric golems (Zot:2)
  A doom hound (Depths:1)
  Zenata (Vaults:1)
  24 tentacled monstrosities
  2 hellephants (Depths:1)
  6 liches
  Mlioglotl (Swamp:1)
  27 Orb Guardians
  A walking divine tome (Depths:3)
  6 titans
  A deep elf master archer (Depths:1)
  12 quicksilver dragons
  2 deep elf blademasters
  15 acid blobs
  4 ancient champions
  2 sphinxes
  7 draconian monks
  11 death cobs
  17 storm dragons
  Kirke (Spider:2)
  Gastronok (Lair:3)
  8 tengu reavers
  9 shadow dragons
  15 azure jellies
  7 fire giants
  15 rockslimes
  2 revenants
  5 draconian knights
  14 vault wardens
  3 frost giants
  Aizul (Vaults:1)
  6 emperor scorpions
  2 balrugs
  2 deep elf sorcerers
  7 ghost moths
  9 ghouls
  2 caustic shrike zombies
  5 draconian scorchers
  2 draconian shifters
  7 draconian stormcallers
  A curse skull (Crypt:3)
  A spriggan defender (Depths:1)
  5 draconian annihilators
  12 quicksilver oozes
  7 deep elf elementalists
  9 ironbound thunderhulks
  3 reapers
  2 caustic shrike skeletons
  27 stone giants
  29 ironbound preservers
  20 very ugly things
  4 war gargoyles
  4 deep elf demonologists (Elf:3)
  11 green draconians
  12 black draconians
  2 eleionomae (Swamp:3)
  Nessos (Lair:5)
  8 vampire knights
  11 white draconians
  A lorocyproca (D:2)
  3 bunyips
  16 red draconians
  9 yellow draconians
  9 dire elephants
  3 spark wasps (Depths:1)
  11 purple draconians
  8 deep elf annihilators
  2 blizzard demons
  18 ettins
  2 crystal guardians (Vaults:4)
  8 deep elf death magi
  A quicksilver dragon zombie (Depths:3)
  Snorg (Lair:5)
  Josephine (Lair:3)
  12 fire dragons
  An ettin (shapeshifter) (Vaults:5)
  10 deep elf high priests
  17 yaktaur captains
  A shambling mangrove (Swamp:2)
  10 jiangshi
  9 entropy weavers
  The ghost of Darkkill the Fighter, a journeyman MiHu of Gozag (D:10)
  9 great orbs of eyes
  2 ogre magi (Vaults:5)
  5 rakshasas
  29 vault guards
  11 ice dragons
  A peacekeeper (Vaults:4)
  2 radroaches
  2 spriggan air magi
  15 hydras
  3 jorogumos
  7 ghost crabs
  5 death knights
  9 ironbound frosthearts
  2 catoblepae (Lair:5)
  7 boulder beetles
  8 alligators
  25 dancing weapons
  A two-headed ogre (shapeshifter) (Vaults:5)
  A death scarab (Spider:1)
  22 centaur warriors
  2 two-headed ogres
  6 tengu warriors
  3 death yaks (Lair:5)
  6 deep troll shamans
  11 deep troll earth magi
  A shock serpent (shapeshifter) (Vaults:5)
  9 hell hogs
  5 spriggan berserkers
  6 vampire magi
  4 spriggans
  19 hell knights
  A titan zombie (Depths:3)
  11 deep elf knights
  8 soul eaters
  12 iron trolls
  26 skeletal warriors
  2 titan skeletons
  A spectral death yak (Lair:2)
  6 pharaoh ants
  4 shadow wraiths
  4 goliath frogs
  A salamander mystic (Depths:3)
  7 sun demons
  A skyshark (shapeshifter) (Vaults:5)
  10 orb spiders
  A death drake (shapeshifter) (Vaults:5)
  A ghost moth zombie (Crypt:1)
  A spriggan druid (Swamp:1)
  2 glowing orange brains
  10 swamp dragons
  17 bog bodies
  A tengu zombie (Depths:3)
  10 deep elf archers
  A swamp dragon (shapeshifter) (Depths:4)
  An obsidian statue (Zot:5)
  An orange crystal statue (Vaults:2)
  2 bunyip skeletons (Crypt:3)
  Pikel (D:5)
  5 steelbarb worms
  8 flayed ghosts
  8 wizards
  19 ironbound convokers
  94 deep trolls
  6 harpies
  A sphinx zombie (Depths:1)
  An iron giant skeleton (Crypt:2)
  9 phantasmal warriors
  8 lindwurms
  3 orc knights
  4 wolf spider zombies (Spider:4)
  7 spectral wolf spiders (Spider:4)
  A shadow dragon skeleton (Depths:3)
  28 deep elf zephyrmancers
  A mana viper (shapeshifter) (Elf:2)
  2 frost giant zombies
  9 necromancers
  11 orc sorcerers
  21 deep elf pyromancers
  An eleionoma zombie (Crypt:2)
  A shining eye (Slime:1)
  21 wolf spiders
  A jorogumo skeleton (Crypt:2)
  25 ugly things
  5 fire giant zombies
  A tengu skeleton (Depths:2)
  5 manticores
  2 cyclopes
  3 will-o-the-wisps
  2 sphinx skeletons (Depths:3)
  A faun (shapeshifter) (Vaults:5)
  3 salamanders (Depths:3)
  2 iron dragon zombies
  A spectral centaur (D:10)
  32 moths of wrath
  4 ice statues
  A guardian serpent (shapeshifter) (D:15)
  14 elephants
  2 fire giant skeletons (Depths:3)
  An elephant (shapeshifter) (Vaults:5)
  5 eyes of devastation
  12 demonic crawlers
  20 vault sentinels
  4 torpor snails
  2 black mambas
  A naga zombie (Crypt:2)
  2 smoke demons (Depths:3)
  A gargoyle (D:10)
  A white draconian zombie (Crypt:1)
  A centaur skeleton (D:15)
  9 cane toads
  41 yaktaurs
  A naga skeleton (Crypt:3)
  An efreet (D:15)
  2 spriggan zombies
  2 rime drakes
  4 anaconda simulacra (IceCv)
  2 unseen horrors
  A minotaur zombie (Crypt:2)
  5 guardian mummies (Crypt:3)
  5 komodo dragons
  A catoblepas skeleton (Crypt:2)
  6 ice devils
  2 minotaur skeletons
  A harpy zombie (Crypt:2)
  3 tengu conjurers (Depths:2)
  9 freezing wraiths
  A red devil (Depths:4)
  3 meliai (Spider:3)
  A troll (shapeshifter) (D:13)
  3 trolls
  3 tyrant leeches
  A white draconian skeleton (Crypt:1)
  4 polar bears (Lair:1)
  A hornet (shapeshifter) (Vaults:5)
  A death yak skeleton (Crypt:3)
  2 bloated husks (Swamp:1)
  2 queen bees (shapeshifter)
  17 blink frogs
  14 hornets
  4 wolf spider simulacra (Spider:4)
  24 tarantellas
  A raiju (shapeshifter) (Elf:2)
  6 dream sheep (Lair:5)
  2 fire giant simulacra
  139 slime creatures
  A spriggan (shapeshifter) (D:14)
  An ettin skeleton (Crypt:2)
  2 air elementals
  2 dire elephant simulacra (IceCv)
  24 jumping spiders
  7 flying skulls
  9 culicivoras
  A black mamba skeleton (Crypt:2)
  A shadow (D:10)
  3 centaur simulacra
  A spriggan skeleton (Depths:1)
  A fire elemental (Elf:2)
  A vampire (D:12)
  A ynoxinul (Depths:4)
  8 wraiths
  A wyvern (Lair:5)
  A spectral komodo dragon (Lair:2)
  A hog (Spider:2)
  3 steam dragons
  33 yaks
  5 water elementals
  4 vampire mosquitoes (D:12)
  Grum (D:8)
  39 redbacks
  A death yak simulacrum (IceCv)
  Menkaure (D:6)
  5 wargs (Orc:2)
  A spectral cane toad (Lair:2)
  3 water moccasins
  18 swamp worms
  3 harpy simulacra
  A water moccasin (shapeshifter) (Vaults:5)
  A merfolk zombie (Crypt:1)
  2 hydra simulacra (IceCv)
  A floating eye (Depths:2)
  An acid dragon (D:12)
  A glowing shapeshifter skeleton (Depths:3)
  9 swamp drakes
  18 orc warriors
  3 sky beasts
  A two-headed ogre skeleton (Crypt:2)
  An ettin simulacrum (Depths:4)
  18 ice beasts
  2 black bears
  13 centaurs
  7 ogres
  A phantom (D:5)
  19 wolves
  A spectral basilisk (Lair:2)
  2 lemures (D:5)
  A spectral wyvern (Lair:2)
  4 kobold brigands
  A gnoll sergeant (D:11)
  2 earth elementals
  10 bullfrogs
  Blork the orc (D:5)
  5 necrophages
  A salamander skeleton (Crypt:3)
  A two-headed ogre simulacrum (IceCv)
  A scorpion (D:6)
  A wyvern zombie (Crypt:2)
  11 wights
  A water moccasin skeleton (Crypt:3)
  A polar bear zombie (Crypt:3)
  A hornet simulacrum (D:15)
  14 killer bees
  A troll zombie (Crypt:3)
  2 howler monkeys
  2 electric eels (D:14)
  A wolf skeleton (Crypt:1)
  2 lava snakes (D:10)
  7 centaur zombies
  An iron imp (Spider:3)
  7 hounds
  7 jellies
  10 orc priests
  A spectral boggart (D:10)
  5 iguanas
  40 orc wizards
  An ice beast zombie (Crypt:1)
  A boggart simulacrum (D:15)
  A hound skeleton (Crypt:1)
  13 mummies
  7 gnolls
  3 adders
  A naga simulacrum (IceCv)
  A steam dragon zombie (Crypt:3)
  2 shadow imps
  2 white imps
  An ufetubus (IceCv)
  A lava snake zombie (Crypt:3)
  A worm (D:2)
  A dart slug (D:1)
  70 orcs
  11 endoplasms
  5 giant cockroaches
  6 goblins
  8 hobgoblins
  7 jackals
  18 kobolds
  4 quokkas
  5 ball pythons
  6 bats
  3 frilled lizards
  2 hobgoblin zombies (Ossuary)
  A kobold zombie (D:7)
  An orc zombie (D:7)
  2 rats (D:2)
  2 lurking horrors (Elf:1)
2362 creatures vanquished.

Vanquished Creatures (collateral kills)
  A death cob (Zot:4)
1 creature vanquished.

Vanquished Creatures (others)
  Arachne (Spider:4)
  A draconian knight (Zot:2)
  A centaur warrior (Vaults:3)
  An alligator (Swamp:3)
  2 quicksilver dragon simulacra (Depths:4)
  A deep elf zephyrmancer (Elf:3)
  An orc sorcerer (Orc:2)
  A wolf spider (Spider:1)
  2 moths of wrath
  A bloated husk (Swamp:3)
  2 wargs (Orc:2)
  An orc warrior (Orc:2)
  4 ettin simulacra (Depths:4)
  5 orc wizards (Orc:2)
  6 orcs (Orc:2)
  8 foxfires
  33 fungi
  34 plants
105 creatures vanquished.

Grand Total: 2468 creatures vanquished

Notes
Turn   | Place    | Note
-------+----------+-------------------------------------------
     0 | D:1      | oldriver the Gargoyle Earth Elementalist began the quest
                  | for the Orb.
     0 | D:1      | Reached XP level 1. HP: 10/10 MP: 3/3
   308 | D:1      | Reached skill level 1 in Transmutations
   308 | D:1      | Reached XP level 2. HP: 15/15 MP: 3/5
   997 | D:2      | Found Akhopiza's Antique Weapon Shoppe.
  1106 | D:2      | Reached XP level 3. HP: 15/19 MP: 0/6
  1462 | D:2      | Found Moufruall's Distillery.
  1482 | D:2      | Found Unutawn's Book Shoppe.
  2280 | D:3      | Learned a level 2 spell: Passwall
  2284 | D:3      | Learned a level 3 spell: Stone Arrow
  2305 | D:3      | Reached XP level 4. HP: 18/24 MP: 5/7
  3242 | D:4      | Reached skill level 1 in Conjurations
  3242 | D:4      | Reached XP level 5. HP: 26/28 MP: 4/9
  3361 | D:3      | Identified a scroll of acquirement
  3361 | D:3      | Acquired the +6 Majin-Bo {spellvamp, MP+6 Int+6}
  3361 | D:3      | Found the +6 Majin-Bo {spellvamp, MP+6 Int+6}
  3468 | D:4      | Reached skill level 1 in Fighting
  3563 | D:4      | Reached skill level 5 in Earth Magic
  3620 | D:4      | Reached XP level 6. HP: 34/34 MP: 10/10
  4096 | D:4      | Identified the +9 sling "Arifonk" {heavy, *Slow rC+ rCorr
                  | MP+9}
  4338 | D:5      | Entered Level 5 of the Dungeon
  4350 | D:5      | Reached skill level 1 in Armour
  4374 | D:5      | Reached skill level 2 in Fighting
  4374 | D:5      | Reached XP level 7. HP: 34/40 MP: 2/12
  4508 | D:5      | Noticed Blork the orc
  4525 | D:5      | Killed Blork the orc
  4760 | D:5      | Found a faded altar of an unknown god.
  4761 | D:5      | Found a hazy altar of Hepliaklqana.
  4893 | D:5      | Noticed Pikel
  4908 | D:5      | Killed Pikel
  4909 | D:5      | Reached skill level 5 in Stealth
  4909 | D:5      | Reached XP level 8. HP: 26/44 MP: 1/14
  5086 | D:5      | Found a white marble altar of Elyvilon.
  6009 | D:6      | Found a shadowy altar of Dithmenos.
  6069 | D:6      | Found a staircase to the Ecumenical Temple.
  6086 | D:6      | Noticed Menkaure
  6114 | D:6      | Reached skill level 3 in Fighting
  6174 | D:6      | Reached XP level 9. HP: 50/50 MP: 9/16
  6270 | D:6      | Reached skill level 5 in Spellcasting
  6270 | D:6      | Reached skill level 5 in Conjurations
  6305 | D:6      | Reached skill level 4 in Fighting
  6857 | D:6      | Killed Menkaure
  7136 | D:6      | Reached skill level 5 in Fighting
  7298 | Temple   | Entered the Ecumenical Temple
  7427 | Temple   | Became a worshipper of Kikubaaqudgha
  7612 | D:7      | Found a sand-covered staircase.
  7615 | D:7      | Reached skill level 6 in Fighting
  7618 | Ossuary  | Entered an ossuary
  7651 | Ossuary  | Reached * piety under Kikubaaqudgha
  7651 | Ossuary  | Received a gift from Kikubaaqudgha
  8116 | D:7      | Reached XP level 10. HP: 61/61 MP: 12/20
  8124 | D:7      | Reached skill level 7 in Fighting
  8624 | D:8      | Found a stormy altar of Qazlal.
  8683 | D:8      | Noticed Grum
  8691 | D:8      | Killed Grum
  8692 | D:8      | Reached skill level 8 in Fighting
  9434 | D:8      | Found Iphisoo's Antique Armour Shoppe.
  9441 | D:8      | Bought a helmet for 108 gold pieces
  9469 | D:8      | Reached ** piety under Kikubaaqudgha
 10152 | D:8      | You fall into a shaft and drop 1 floor!
 10681 | D:9      | Noticed a two-headed ogre
 10750 | D:9      | Killed a two-headed ogre
 10957 | D:9      | Reached XP level 11. HP: 63/69 MP: 21/22
 11110 | D:9      | Found a staircase to the Orcish Mines.
 11112 | D:9      | Found Yntapniq's Weapon Boutique.
 11114 | D:9      | Reached skill level 5 in Staves
 11171 | D:9      | Reached skill level 9 in Fighting
 11591 | D:9      | Reached skill level 5 in Armour
 11994 | D:10     | Entered Level 10 of the Dungeon
 12384 | D:2      | Bought a book of Blasting for 440 gold pieces
 12390 | D:2      | Learned a level 5 spell: Lee's Rapid Deconstruction
 12395 | D:2      | Learned a level 4 spell: Iskenderun's Mystic Blast
 12605 | D:10     | Found a runed translucent gate.
 12606 | D:10     | Found a runed translucent gate.
 12606 | D:10     | Found a runed translucent gate.
 13005 | D:10     | Found a radiant altar of Vehumet.
 13005 | D:10     | Found a glowing golden altar of the Shining One.
 13099 | D:10     | Reached *** piety under Kikubaaqudgha
 13099 | D:10     | Received a gift from Kikubaaqudgha
 13100 | D:10     | Reached skill level 1 in Translocations
 13108 | D:10     | Learned a level 5 spell: Borgnjor's Vile Clutch
 13437 | D:10     | Noticed Darkkill's ghost (journeyman MiHu)
 13544 | D:11     | Found a staircase to the Lair.
 13705 | D:11     | Noticed a manticore
 13752 | Lair:1   | Entered Level 1 of the Lair of Beasts
 14090 | Lair:1   | Reached skill level 5 in Dodging
 14690 | Lair:1   | Reached XP level 12. HP: 70/76 MP: 1/24
 15404 | Lair:1   | Reached skill level 1 in Necromancy
 15779 | Lair:2   | Reached **** piety under Kikubaaqudgha
 15816 | Lair:2   | Noticed a boulder beetle
 15828 | Lair:2   | Killed a boulder beetle
 16182 | Lair:2   | Found a hole to the Spider Nest.
 16354 | Lair:2   | Reached skill level 10 in Fighting
 17684 | Lair:3   | Noticed Gastronok
 17890 | Lair:2   | Noticed a ghost crab
 17898 | Lair:2   | Killed a ghost crab
 17899 | Lair:2   | Reached XP level 13. HP: 73/83 MP: 20/26
 18148 | Lair:2   | Found a staircase to the Swamp.
 18240 | Lair:3   | Reached skill level 10 in Earth Magic
 18341 | Lair:3   | Found an opulent altar of Gozag.
 18382 | Lair:3   | Reached skill level 10 in Spellcasting
 18563 | Lair:3   | Reached skill level 11 in Fighting
 18679 | Lair:3   | Noticed Josephine
 18689 | Lair:3   | Killed Josephine
 18690 | Lair:3   | Reached skill level 1 in Shields
 19274 | Lair:3   | Killed Gastronok
 19855 | Lair:4   | Found a viscous altar of Jiyva.
 19863 | Lair:4   | Found a staircase to the Slime Pits.
 20178 | Lair:4   | Reached ***** piety under Kikubaaqudgha
 21123 | Lair:5   | Entered Level 5 of the Lair of Beasts
 21633 | Lair:4   | Learned a level 2 spell: Blink
 21814 | Lair:5   | Identified the +4 ring mail of Card Tricks {rC+ Regen+}
 21860 | Lair:5   | Noticed Snorg
 21870 | Lair:5   | Killed Snorg
 22396 | Lair:5   | Identified the +1 cloak of Optimism {Contam rPois rC+}
 22835 | Lair:5   | Noticed a dire elephant
 22862 | Lair:5   | Killed a dire elephant
 23072 | Lair:5   | Gained mutation: Your large and strong wings let you fly.
                  | [Gargoyle growth]
 23072 | Lair:5   | Reached XP level 14. HP: 79/90 MP: 5/28
 23444 | Lair:5   | Reached skill level 5 in Necromancy
 24089 | Lair:5   | Noticed Nessos
 24097 | Lair:5   | Killed Nessos
 24188 | Lair:5   | Reached skill level 5 in Translocations
 24645 | D:10     | Killed Darkkill's ghost
 26852 | Orc:1    | Entered Level 1 of the Orcish Mines
 26852 | Orc:1    | Found a transporter.
 26957 | Orc:1    | Reached skill level 15 in Earth Magic
 27002 | Orc:1    | Found a transporter.
 27007 | Orc:1    | Noticed osoart's ghost (journeyman FoFi)
 27008 | Orc:1    | Identified the +6 great mace "Zekhlaime" {flame, rPois rF+
                  | Will+}
 27008 | Orc:1    | Identified the +3 great mace of Circularity {chaos, rN+}
 27068 | Orc:1    | Found Uleloif's Weapon Shop.
 27083 | Orc:1    | Found Kicsiv's Gadget Gallery.
 27140 | Orc:1    | Bought a tin of tremorstones (2/2) for 520 gold pieces
 27311 | Orc:2    | Entered Level 2 of the Orcish Mines
 27358 | Orc:2    | Found a frozen archway.
 27371 | Orc:2    | Found a flickering gateway to a bazaar.
 27380 | Bazaar   | Entered a bazaar
 27407 | Bazaar   | Found Nikuc's Antique Weapon Emporium.
 27426 | Bazaar   | Found Wiekhlin's Book Boutique.
 27430 | Bazaar   | Bought a book of Iron for 432 gold pieces
 27438 | Bazaar   | Learned a level 6 spell: Iron Shot
 27472 | Bazaar   | Found Innase Dane's Distillery.
 27479 | Bazaar   | Bought a potion of brilliance for 36 gold pieces
 27479 | Bazaar   | Bought a potion of curing for 27 gold pieces
 27479 | Bazaar   | Bought a potion of brilliance for 36 gold pieces
 27479 | Bazaar   | Bought a potion of brilliance for 36 gold pieces
 27479 | Bazaar   | Bought a potion of curing for 27 gold pieces
 27479 | Bazaar   | Bought a potion of mutation for 72 gold pieces
 27572 | IceCv    | Entered an ice cave
 27901 | IceCv    | Noticed a reaper
 27905 | IceCv    | Killed a reaper
 28442 | Orc:2    | Reached XP level 15. HP: 93/96 MP: 6/30
 28480 | Orc:2    | Reached ****** piety under Kikubaaqudgha
 28508 | Orc:2    | Reached skill level 12 in Fighting
 28629 | Orc:2    | Paralysed by an orc sorcerer for 4 turns
 28687 | Orc:2    | Learned a level 4 spell: Petrify
 28781 | Orc:2    | Found Zoat's Book Emporium.
 28781 | Orc:2    | Found Saakal's Weapon Boutique.
 28923 | Orc:2    | Found a staircase to the Elven Halls.
 29003 | Orc:2    | Found Weal's Armour Emporium.
 29003 | Orc:2    | Found Ceyts's Antique Weapon Boutique.
 29034 | Orc:2    | Bought the +2 helmet of the Tanner {Int+3} for 305 gold
                  | pieces
 29286 | Orc:2    | Bought a book of Misfortune for 336 gold pieces
 30023 | Spider:1 | Entered Level 1 of the Spider Nest
 30063 | Spider:1 | Noticed an emperor scorpion
 30068 | Spider:1 | Killed an emperor scorpion
 31830 | Spider:2 | Noticed a ghost moth
 31944 | Spider:2 | Killed a ghost moth
 32109 | Spider:2 | Noticed Kirke
 32115 | Spider:2 | Killed Kirke
 33540 | Spider:3 | Reached XP level 16. HP: 93/103 MP: 32/32
 34665 | Spider:3 | Reached skill level 13 in Fighting
 35200 | Swamp:1  | Entered Level 1 of the Swamp
 35200 | Swamp:1  | Noticed Mlioglotl
 35206 | Swamp:1  | Killed Mlioglotl
 35435 | Swamp:2  | Reached skill level 10 in Conjurations
 35729 | Swamp:1  | Found a transporter.
 35729 | Swamp:1  | Found a transporter.
 35730 | Swamp:1  | Noticed a tentacled monstrosity
 35767 | Swamp:1  | Noticed a thorn hunter
 36306 | Swamp:2  | Noticed a tentacled monstrosity
 36348 | Swamp:2  | Killed a tentacled monstrosity
 37414 | Swamp:4  | Entered Level 4 of the Swamp
 37530 | Swamp:4  | Reached XP level 17. HP: 108/108 MP: 34/34
 38902 | Swamp:4  | Identified the +1 cloak of Philately {rElec rPois Will-}
 38980 | Swamp:4  | Noticed the 27-headed Lernaean hydra
 38990 | Swamp:4  | Killed the 27-headed Lernaean hydra
 39017 | Swamp:4  | Got a decaying rune of Zot
 39237 | Swamp:2  | Reached skill level 1 in Evocations
 39532 | Spider:4 | Entered Level 4 of the Spider Nest
 39933 | Spider:4 | Noticed Arachne
 39958 | Spider:4 | Killed Arachne
 40079 | Spider:4 | Got Lasyirru's Compendium of Mutated Bombardment
 41423 | Spider:4 | Reached XP level 18. HP: 115/115 MP: 14/35
 41987 | Spider:4 | Got a gossamer rune of Zot
 42635 | D:13     | Found a gate to the Vaults.
 43079 | D:14     | Reached skill level 10 in Armour
 43338 | D:14     | Identified the +5 flail of the Hated {freeze, rF+ rCorr
                  | MP+9 Int+3}
 44177 | D:15     | Entered Level 15 of the Dungeon
 44411 | D:15     | Identified the +10 shortbow of Disarray {drain, rCorr Int+5
                  | Stlth+}
 44836 | D:15     | Reached skill level 14 in Fighting
 44955 | D:15     | Found a staircase to the Depths.
 45481 | Elf:1    | Entered Level 1 of the Elven Halls
 45763 | Vaults:1 | Entered Level 1 of the Vaults
 46367 | Vaults:1 | Noticed a dread lich
 46375 | Vaults:1 | Killed a dread lich
 46376 | Vaults:1 | Reached skill level 1 in Maces & Flails
 46380 | Vaults:1 | Reached skill level 5 in Evocations
 46889 | Vaults:1 | Noticed Zenata
 46896 | Vaults:1 | Killed Zenata
 46897 | Vaults:1 | Reached skill level 5 in Shields
 47301 | Vaults:1 | Reached XP level 19. HP: 122/122 MP: 33/37
 47568 | Vaults:1 | Noticed Aizul
 47598 | Vaults:1 | Killed Aizul
 49112 | Vaults:2 | Found a flickering gateway to a bazaar.
 49118 | Bazaar   | Entered a bazaar
 49120 | Bazaar   | Found Etesch's Jewellery Boutique.
 49124 | Bazaar   | Found Kexty's Magic Scroll Boutique.
 49124 | Bazaar   | Found Onacahagh's Distillery.
 49124 | Bazaar   | Found Vaceol's General Store.
 49130 | Bazaar   | Bought a phantom mirror for 360 gold pieces
 49130 | Bazaar   | Bought a scroll of teleportation for 27 gold pieces
 49130 | Bazaar   | Bought a scroll of fear for 36 gold pieces
 49193 | Bazaar   | Bought a scroll of teleportation for 42 gold pieces
 49193 | Bazaar   | Bought a scroll of blinking for 105 gold pieces
 49216 | Bazaar   | Bought a +5 ring of evasion for 252 gold pieces
 49221 | Bazaar   | Bought a potion of curing for 33 gold pieces
 49221 | Bazaar   | Bought a potion of curing for 33 gold pieces
 49221 | Bazaar   | Bought a potion of curing for 33 gold pieces
 49221 | Bazaar   | Bought a potion of haste for 110 gold pieces
 49221 | Bazaar   | Bought a potion of heal wounds for 55 gold pieces
 49221 | Bazaar   | Bought a potion of heal wounds for 55 gold pieces
 49527 | Vaults:2 | Found a staircase to the Crypt.
 49647 | Vaults:2 | Reached skill level 15 in Fighting
 49914 | Vaults:2 | Reached skill level 5 in Maces & Flails
 50779 | Vaults:2 | Reached skill level 15 in Spellcasting
 51053 | Vaults:2 | You are sucked into a shaft and drop 1 floor!
 51299 | Vaults:3 | Reached XP level 20. HP: 129/129 MP: 33/39
 52245 | Vaults:3 | Noticed Frederick
 52840 | Elf:1    | Found a one-way gate to the infinite horrors of the Abyss.
 52840 | Elf:1    | Found a corrupted altar of Lugonu.
 52913 | Elf:1    | Paralysed by an air elemental for 1 turns
 52915 | Elf:1    | Paralysed by an air elemental for 1 turns
 53253 | Elf:1    | Reached skill level 16 in Fighting
 54179 | Elf:2    | Found a runed translucent gate.
 54179 | Elf:2    | Found a runed translucent gate.
 54179 | Elf:2    | Found a runed translucent gate.
 55610 | Elf:2    | Found Paotudd's Weapon Emporium.
 55669 | Elf:3    | Entered Level 3 of the Elven Halls
 56130 | Elf:3    | Reached XP level 21. HP: 85/138 MP: 36/41
 56581 | Elf:3    | Identified the +6 war axe "Goquekib" {heavy, rPois Stlth+}
 56608 | Elf:3    | Reached skill level 17 in Fighting
 56783 | Elf:3    | Identified the +4 great sword "Hyow" {antimagic, rN+ Str+3}
 56957 | Elf:3    | Identified the +3 chain mail of Loss {Will+ MP+9 Str+2}
 56976 | Elf:3    | Got the Handbook of Nonlocality and Silt
 56984 | Elf:3    | Got Sif Muna's Octavo of Evolving Glaciation
 56998 | Elf:3    | Identified the +1 short sword of Twilight {spect, *Rage
                  | Will+ Dex+3}
 57611 | Elf:3    | Found Xiytoet's Antique Armour Emporium.
 59100 | Vaults:3 | Killed Frederick
 59540 | Vaults:3 | Noticed Mennas
 59564 | Vaults:3 | Killed Mennas
 61379 | D:2      | Bought a manual of Shields for 880 gold pieces
 62435 | Vaults:4 | Reached XP level 22. HP: 144/144 MP: 20/43
 63419 | Vaults:4 | Reached skill level 10 in Shields
 63649 | Vaults:4 | Found a portal to a secret trove of treasure.
 63995 | Depths:1 | Entered Level 1 of the Depths
 64707 | Depths:1 | Identified the +11 lajatang "Impslayer" {heavy, rElec rC-
                  | rCorr SInv}
 64707 | Depths:1 | Identified the +3 shadow dragon scales of the Mackerel
                  | {+Inv Regen+ Dex-2 Stlth++++}
 64730 | Depths:1 | Identified the +4 longbow "Jemm" {flame, rF+ Int+4}
 65831 | Depths:1 | Found a gateway to Hell.
 66247 | Depths:2 | Reached skill level 15 in Shields
 66917 | Depths:2 | Found a one-way gate leading to the halls of Pandemonium.
 67322 | Depths:1 | Reached XP level 23. HP: 101/152 MP: 1/44
 67667 | Vaults:5 | Entered Level 5 of the Vaults
 67667 | Vaults:5 | Found the +5 Lochaber axe {reach-cleave, Poleaxe Drain}
 67673 | Vaults:5 | Reached skill level 18 in Fighting
 67676 | Vaults:5 | Reached skill level 5 in Transmutations
 67738 | Vaults:5 | Noticed a dread lich
 67919 | Vaults:5 | Killed a dread lich
 68020 | Vaults:5 | Reached skill level 19 in Fighting
 68288 | Vaults:5 | Noticed a dread lich
 68487 | Vaults:4 | Killed a dread lich
 69465 | Vaults:5 | Noticed a golden dragon
 69484 | Vaults:5 | Killed a golden dragon
 69485 | Vaults:5 | Reached skill level 20 in Fighting
 69725 | Vaults:5 | Reached skill level 10 in Translocations
 69728 | Vaults:5 | Identified the +1 plate armour of Submission {-Cast Will+
                  | rCorr Dex+8}
 70017 | Vaults:5 | Found Yjoimof's Weapon Emporium.
 70270 | Vaults:5 | Noticed a dread lich
 71947 | Vaults:5 | Identified the +7 morningstar of Honour {heavy, *Corrode
                  | Str+4 SInv}
 72089 | Vaults:5 | Identified the ring "Kuhisare" {rF+ Dex+4 SInv}
 72098 | Vaults:5 | Got the Papyrus of Bombardment
 72128 | Vaults:5 | Got the Codex of Transforming Haze
 72237 | Vaults:5 | Killed a dread lich
 72238 | Vaults:5 | Reached XP level 24. HP: 164/164 MP: 34/44
 72330 | Vaults:5 | Got a silver rune of Zot
 72559 | D:13     | Learned a level 6 spell: Dispersal
 73790 | Depths:2 | Reached skill level 21 in Fighting
 76579 | Depths:3 | Identified the +4 falchion of Gudun Quqo {heavy, rF- Will+
                  | Dex+6}
 78231 | Depths:3 | Reached skill level 15 in Armour
 78582 | Depths:4 | Entered Level 4 of the Depths
 80094 | Depths:4 | Found a snail-covered altar of Cheibriados.
 80096 | Depths:4 | Found a one-way gateway to a ziggurat.
 80827 | Depths:4 | Reached skill level 10 in Dodging
 80841 | Depths:4 | Noticed Sojobo
 80847 | Depths:4 | Paralysed by an air elemental for 1 turns
 80850 | Depths:4 | Paralysed by an air elemental for 1 turns
 80853 | Depths:4 | Paralysed by an air elemental for 1 turns
 80855 | Depths:4 | Paralysed by an air elemental for 1 turns
 80858 | Depths:4 | Paralysed by an air elemental for 1 turns
 80860 | Depths:4 | Paralysed by an air elemental for 1 turns
 80865 | Depths:4 | Paralysed by an air elemental for 1 turns
 80871 | Depths:4 | Paralysed by an air elemental for 1 turns
 81092 | Depths:4 | Reached XP level 25. HP: 171/172 MP: 39/44
 81235 | Depths:4 | Found a basalt altar of Yredelemnul.
 81254 | Depths:4 | Killed Sojobo
 81255 | Depths:4 | Reached skill level 22 in Fighting
 82740 | Depths:4 | Reached skill level 15 in Translocations
 84437 | Depths:4 | Found a gate to the Realm of Zot.
 84738 | Depths:4 | Found a glowing silver altar of Zin.
 84841 | Depths:4 | Found an iron altar of Okawaru.
 85154 | Zot:1    | Entered Level 1 of the Realm of Zot
 86113 | Zot:2    | Reached skill level 23 in Fighting
 88293 | Zot:2    | Received a gift from Kikubaaqudgha
 88584 | Zot:2    | Reached skill level 10 in Maces & Flails
 90749 | Zot:3    | Reached XP level 26. HP: 169/183 MP: 36/44
 92475 | Slime:1  | Entered Level 1 of the Pits of Slime
 94916 | Slime:4  | Noticed Dissolution
 94920 | Slime:4  | Killed Dissolution
 95048 | Slime:4  | Found a viscous altar of Jiyva.
 95197 | Slime:5  | Entered Level 5 of the Pits of Slime
 96588 | Slime:5  | Noticed the Royal Jelly
 97187 | Slime:5  | Reached skill level 24 in Fighting
 97271 | Slime:5  | Killed the Royal Jelly
 97396 | Slime:5  | Found the +1 cloak of Starlight {*Dazzle EV+4 Stlth--}
 97405 | Slime:5  | Identified the +1 robe "Maok" {Harm rC+ rN+ Dex-2}
 97463 | Slime:5  | Identified the ring of Salvation {Will- rCorr Dex+2 Slay+4
                  | SInv}
 97495 | Slime:5  | Got a slimy rune of Zot
 98179 | Crypt:1  | Entered Level 1 of the Crypt
 98310 | Crypt:1  | Noticed Vv
 98320 | Crypt:1  | Killed Vv
100244 | Crypt:2  | Reached skill level 10 in Stealth
100468 | Crypt:2  | Reached XP level 27. HP: 190/190 MP: 17/45
100948 | Crypt:3  | Entered Level 3 of the Crypt
101320 | Crypt:3  | Found a staircase to the Tomb.
102061 | Crypt:3  | Reached skill level 10 in Evocations
102296 | Crypt:3  | Noticed a dread lich
102972 | Crypt:3  | Killed a dread lich
103011 | Crypt:3  | Noticed an ancient lich
103023 | Crypt:3  | Identified the ring of Law {Ice Fly Int-5 Dex+6 Slay+3}
103067 | Crypt:3  | Killed an ancient lich
103278 | Crypt:3  | Got Kikubaaqudgha's Volume of the Mortuary
103283 | Crypt:3  | Identified the ring "Ered" {Fly rPois}
105272 | Zot:4    | Reached skill level 25 in Fighting
106168 | Zot:5    | Entered Level 5 of the Realm of Zot
107727 | Zot:5    | Noticed an orb of fire
107731 | Zot:5    | Gained mutation: You occasionally lose the ability to drink
                  | potions when taking damage. [an orb of fire]
107736 | Zot:5    | Killed an orb of fire
107747 | Zot:5    | Noticed an orb of fire
107754 | Zot:5    | Gained mutation: Your magical capacity is low. (-10% MP)
                  | [an orb of fire]
107807 | Zot:4    | Lost mutation: You occasionally lose the ability to drink
                  | potions when taking damage. [potion of mutation]
107807 | Zot:4    | Lost mutation: Your magical capacity is low. (-10% MP)
                  | [potion of mutation]
107807 | Zot:4    | Gained mutation: You are strong-willed. (Will+) [potion of
                  | mutation]
107807 | Zot:4    | Gained mutation: Your magical capacity is low. (-10% MP)
                  | [potion of mutation]
107807 | Zot:4    | Gained mutation: You sometimes lose your temper in combat.
                  | [potion of mutation]
107808 | Zot:4    | Lost mutation: You sometimes lose your temper in combat.
                  | [potion of mutation]
107808 | Zot:4    | Lost mutation: You are strong-willed. (Will+) [potion of
                  | mutation]
107808 | Zot:4    | Lost mutation: Your magical capacity is low. (-10% MP)
                  | [potion of mutation]
107808 | Zot:4    | Gained mutation: You are partially covered in iridescent
                  | scales. (AC +2) [potion of mutation]
107885 | Zot:5    | Killed an orb of fire
108054 | Zot:5    | Noticed an orb of fire
108055 | Zot:5    | Noticed an ancient lich
108057 | Zot:5    | Noticed a dread lich
108064 | Zot:5    | Gained mutation: You sometimes lose your temper in combat.
                  | [an orb of fire]
108065 | Zot:5    | Killed an orb of fire
108067 | Zot:5    | Killed an ancient lich
108068 | Zot:5    | Killed a dread lich
108126 | Zot:5    | Noticed an ancient lich
108137 | Zot:5    | Killed an ancient lich
108312 | Zot:5    | Noticed an orb of fire
108327 | Zot:5    | Gained mutation: You have hidden genetic defects. [an orb
                  | of fire]
108329 | Zot:5    | Killed an orb of fire
108339 | Zot:5    | Lost mutation: You sometimes lose your temper in combat.
                  | [potion of mutation]
108339 | Zot:5    | Lost mutation: You have hidden genetic defects. [potion of
                  | mutation]
108339 | Zot:5    | Lost mutation: You are partially covered in iridescent
                  | scales. (AC +2) [potion of mutation]
108339 | Zot:5    | Gained mutation: Your natural rate of healing is unusually
                  | fast. [potion of mutation]
110532 | Zot:5    | Got the Orb of Zot
110855 | D:13     | Noticed Nosu Xau the pandemonium lord
111016 | D:5      | Noticed Gaduewn Yvyi the pandemonium lord
111095 | D:1      | Noticed Pofiphuck the pandemonium lord
111099 | D:$      | Escaped with the Orb!

Illustrated notes

Levels and vault maps discovered:
D:1:      evilmike_arrival_crescent, layout_basic
D:2:      layout_loops_ring, serial_shops, nicolae_shop_statue_plus,
          nicolae_square_shop, nicolae_shop_hallway_stairs, minmay_pentomino_s2
D:3:      layout_basic, grunt_decor_mini_mirrors
D:4:      layout_rooms
D:5:      layout_gridville, beargit_hepliaklqana_dungeon_heroes,
          nicolae_elyvilon_peaceful_grove, uniq_pikel
D:6:      layout_cave_pods, mainiacjoe_overflow_surrounded_room, temple_doors_e,
          kennysheep_diamond, uniq_menkaure
D:7:      layout_rooms, nicolae_ossuary_entry_giza
D:8:      layout_basic, general_overflow_altar, serial_shops,
          nicolae_shop_behind_doors, minmay_starry_boxes, uniq_grum
D:9:      layout_roguey, orc_david_3
D:10:     layout_cave_pools, nicolae_overflow_two_pavilions,
          gammafunk_ghost_necromancy
D:11:     layout_roguey, lair_entry_dummy
D:12:     layout_irregular_city
D:13:     layout_cave_pools, david_vaults_4
D:14:     minmay_twisted_water, layout_stronghold, minmay_misc_feat_diagonals
D:15:     grunt_enter_depths_magical_seal, layout_loops_ring,
          minmay_misc_feat_four_crosses
Temple:   kb_temple_of_zot
Lair:1:   layout_cave_pods, cheibrodos_lair_lostbears, serial_bayou_shore_b,
          grunt_megastairs_2
Lair:2:   layout_big_grid, nicolae_swamp_entry_spooky,
          nicolae_spider_entry_orb_guardian
Lair:3:   layout_small_grid, basic_altar, serial_rivers,
          chequers_serial_rivers_micro_d, chequers_serial_rivers_large_a,
          chequers_serial_rivers_room_b, chequers_serial_rivers_micro_c,
          chequers_serial_rivers_large_b, uniq_gastronok, uniq_josephine
Lair:4:   layout_cave_pods, nicolae_slime_entry_field_trip, st_stairs_5,
          patterned_corridor
Lair:5:   hangedman_lair_in_review, layout_long_grid, uniq_nessos, uniq_snorg
Swamp:1:  gammafunk_sealed_arena, layout_basic_swamp,
          nicolae_swamp_tree_designs, uniq_mlioglotl
Swamp:2:  layout_basic_swamp, nicolae_swamp_decorative_isthmus
Swamp:3:  layout_falls_marsh, evilmike_swamp_ruin_house_3
Swamp:4:  grunt_swamp_rune_castle, layout_basic_swamp
Spider:1: layout_chambers, nicolae_spider_twisty_arc_passages
Spider:2: layout_cave_pods, uniq_kirke
Spider:3: layout_cave_pods, nicolae_crawler_farm
Spider:4: spider_rune_water, nicolae_spider_undead_wolf_pack, uniq_arachne
Slime:1:  layout_caves
Slime:2:  layout_caves, cheibrodos_slime_lost_civilization_6
Slime:3:  nicolae_slime_infinislime, layout_caves
Slime:4:  layout_caves, basic_altar, uniq_dissolution
Slime:5
Orc:1:    layout_diamond_mine, serial_shops, shop, gammafunk_ghost_smash,
          nicolae_shop_gadgets
Orc:2:    st_orc_town, layout_caves, serial_shops, freezing_bzr,
          portal_ice_cave_entry_pillars_2
Elf:1:    eino_elf_arrival_the_gate, layout_geoelf_octagon,
          kennysheep_underground_church, serial_sigils_hangedman_scar, hex_tiny,
          amcnicky_altar_lugonu_corruption
Elf:2:    elven_hall_of_blades_hangedman_original [nicolae_blade_bullseye],
          layout_gridlike, serial_shops, shop_statue
Elf:3:    minmay_elf_hall_curves, layout_onion_city, serial_shops,
          nicolae_shop_behind_doors, lemuel_flamethrower_2
Vaults:1: st_octagons_2, v_alt_pattern_4, v_pattern_5, vaults_dpeg_encased_lava,
          v_misc_13, vaults_room_pool, hangedman_vaults_slice,
          dpeg_vaults_monster_box, hangedman_vaults_trim, vaults_room_hallway,
          vaults_room_pool, dpeg_vaults_monster_row, hangedman_vaults_trim,
          layout_vaults_maze_snakey, uniq_zenata, uniq_aizul
Vaults:2: mu_enter_wizlab_3, hangedman_vaults_snaps, vaults_dpeg_doors,
          grunt_vaults_trifunnel, blue_anna_dwarven_crypt,
          hangedman_vaults_corner, hangedman_vaults_variations,
          nicolae_vaults_mini_display_case, nicolae_vaults_little_squares_4,
          hangedman_vaults_maws, nicolae_vaults_statue_guard,
          ontoclasm_vaults_hangar, nicolae_vaults_diagonal_hallway_6,
          layout_vaults_big_cross, serial_shops, bzr_entry_road
Vaults:3: nicolae_vaults_circle_grid_a, vaults_standard_mumra_x, v_rooms_5,
          nicolae_vaults_shelves_hall, nicolae_vaults_specimen_jars,
          vaults_standard_mumra_lines, nicolae_vaults_three_branches,
          ontoclasm_vaults_chip, nicolae_vaults_yaktaur_gun_rack,
          layout_vaults_omnigrid, uniq_frederick, uniq_mennas
Vaults:4: nicolae_vaults_big_angled_halls, ontoclasm_vaults_hangar, v_rooms_5,
          vaults_room_grunt_arrival_ludios, hangedman_vaults_nodes,
          vaults_mumra_minichess_inversion, vaults_mumra_chevron_long,
          vaults_mumra_chevron, nicolae_vaults_sealed_display, v_misc_25,
          nicolae_vaults_rhombus_6, ontoclasm_vaults_twist, layout_vaults_ring,
          enter_trove_3
Vaults:5
Crypt:1:  layout_chaotic_city, grunt_crypt_arrival_split, grunt_megastairs_1,
          uniq_vv
Crypt:2:  layout_chaotic_city, grunt_megastairs_5
Crypt:3:  david_glass_crypt, layout_chaotic_city,
          nicolae_tomb_entry_grand_gallery, grunt_ministairs_6
Depths:1: layout_cave_shapes, pf_coc_iceberg, abyss_entry,
          chequers_serial_rivers_small_3, serial_glass, glass_columns_b,
          glass_columns_a, glass_columns_a, glass_columns_c, glass_columns_a,
          glass_columns_c, item_on_display_a, feat_on_display,
          due_unseen_surprise, nrook_loot_triangle, beargit_elvish_explorers,
          serial_bayou_shore_b
Depths:2: minmay_imperfect_grid, layout_gridville, pan_entry, hell_entry,
          hangedman_abyss_or_decor_stabs, infiniplex_staircase_hallway_doors
Depths:3: hangedman_screamer, layout_twisted_cross, hellmouth_3, abyss_entry,
          dreamdust_wishing_well, minmay_tree_intersection
Depths:4: grunt_profane_halls [grunt_profane_temple_geh,
          grunt_profane_temple_coc, grunt_profane_temple_dis,
          grunt_profane_temple_tar, grunt_zot_portal], hell_entry, uniq_sojobo
Zot:1:    layout_gridlike, uniq_josephina
Zot:2:    layout_concentric_octagons
Zot:3:    layout_basic
Zot:4:    layout_twisted_circle, evilmike_ambush [evilmike_ambush_outer_basic,
          evilmike_ambush_inner_basic]
Zot:5:    layout_gridlike

Skill      XL: |  1  2  3  4  5  6  7  8  9 10 11 12 13 14 15 16 17 18 19 20 21 22 23 24 25 26 27 |
---------------+----------------------------------------------------------------------------------+-----
Transmutations | 1 3 4 5 |  5.0
Earth Magic    | 4 5 7 8 9 12 15 17 18 20 21 22 | 22.0
Dodging        | 2 3 4 5 6 7 8 10 11 | 11.0
Stealth        | 3 4 5 6 7 8 9 10 | 10.0
Conjurations   | 1 2 3 4 5 6 7 8 9 10 11 13 14 | 14.0
Spellcasting   | 3 4 6 7 8 9 10 11 12 13 14 15 16 17 18 20 | 20.9
Fighting       | 1 2 3 6 8 9 10 11 12 13 14 15 16 17 20 21 23 24 25 | 25.0
Armour         | 1 3 4 5 6 8 9 10 11 13 14 15 17 | 17.0
Staves         | 3 4 6 |  6.0
Translocations | 3 5 11 14 17 | 17.0
Necromancy     | 3 4 5 |  5.0
Shields        | 4 5 6 7 15 | 15.0
Evocations     | 3 5 6 9 11 | 11.0
Maces & Flails | 2 6 9 10 12 13 | 13.4

Action                     |  1- 3 |  4- 6 |  7- 9 | 10-12 | 13-15 | 16-18 | 19-21 | 22-24 | 25-27 || total
---------------------------+-------+-------+-------+-------+-------+-------+-------+-------+-------++-------
  Melee: Whip              |     7 |     4 |       |       |       |       |       |       |       ||    11
         Staff             |       |     1 |    29 |    70 |   128 |    41 |       |       |       ||   269
         Punch             |       |       |     1 |     1 |       |       |       |       |       ||     2
         Flail             |       |       |       |       |       |    13 |    69 |   188 |   349 ||   619
   Cast: Sandblast         |    47 |    60 |     7 |    13 |     6 |       |       |       |       ||   133
         Stone Arrow       |       |    17 |   102 |   334 |   474 |     7 |       |       |       ||   934
         Lee's Rapid Decon |       |       |       |     6 |    98 |   158 |   136 |   141 |   107 ||   646
         Borgnjor's Vile C |       |       |       |    10 |    76 |    59 |   125 |   140 |    71 ||   481
         Iskenderun's Myst |       |       |       |     4 |    58 |    19 |     5 |    66 |    46 ||   198
         Iron Shot         |       |       |       |       |    62 |   469 |   525 |   577 |  1254 ||  2887
         Passwall          |       |       |       |       |     8 |     1 |     1 |     3 |    14 ||    27
         Petrify           |       |       |       |       |    23 |    70 |     8 |    17 |     5 ||   123
         Dispersal         |       |       |       |       |       |       |       |    13 |    11 ||    24
 Invoke: Receive Forbidden |       |       |       |       |       |       |       |       |     1 ||     1
  Evoke: Lightning rod     |       |       |       |       |     1 |     2 |       |     5 |     4 ||    12
         Wand              |       |       |       |       |       |     7 |       |     1 |    12 ||    20
         Tin of tremorston |       |       |       |       |       |     3 |     1 |     1 |     6 ||    11
         Phial of floods   |       |       |       |       |       |     1 |     1 |     1 |       ||     3
         Condenser vane    |       |       |       |       |       |       |     1 |     6 |     6 ||    13
         Phantom mirror    |       |       |       |       |       |       |     1 |     2 |       ||     3
    Use: Potion            |       |     3 |     7 |       |       |     6 |     4 |     7 |    24 ||    51
         Scroll            |       |    12 |     3 |     9 |     6 |     7 |     5 |     6 |    16 ||    64
   Stab: Invisible         |       |       |       |       |       |       |       |       |     4 ||     4
 Armour: Robe              |    10 |     6 |    21 |       |       |       |       |       |       ||    37
         Steam dragon scal |       |       |    44 |    95 |    30 |       |       |       |       ||   169
         Ring mail         |       |       |       |       |   317 |   336 |   221 |    77 |       ||   951
         Quicksilver drago |       |       |       |       |       |       |       |   299 |   703 ||  1002
  Dodge: Dodged            |    16 |    28 |    65 |   157 |   240 |   207 |   153 |   299 |   529 ||  1694
  Block: Buckler           |       |       |       |     4 |   171 |   132 |   106 |       |       ||   413
         Kite shield       |       |       |       |       |       |       |     9 |   452 |   817 ||  1278
         Reflection        |       |       |       |       |       |       |     3 |    41 |    19 ||    63

Table legend: (Time is in decaauts)
 A = Elapsed time spent in this place.
 B = Non-inter-level travel time spent in this place.
 C = Inter-level travel time spent in this place.
 D = Time resting spent in this place.
 E = Time spent auto-exploring this place.
 F = Levels seen in this place.
 G = Mean time per level.
                   A        B        C        D        E       F      G
               +--------+--------+--------+--------+--------+-----+--------+
         Total | 111249 | 103518 |   7731 |  35394 |  48169 |  60 | 1854.2 |
       Dungeon |  22176 |  19194 |   2982 |   3837 |  12479 |  15 | 1478.4 |
        Temple |    149 |    103 |     46 |      0 |     92 |   1 |  149.0 |
          Lair |  11432 |  10408 |   1024 |   2776 |   6193 |   5 | 2286.4 |
         Swamp |   4140 |   4005 |    135 |   1438 |   1596 |   4 | 1035.0 |
   Spider Nest |   7808 |   7445 |    363 |   2571 |   3315 |   4 | 1952.0 |
    Slime Pits |   5438 |   5231 |    207 |   1987 |   1748 |   5 | 1087.6 |
  Orcish Mines |   2119 |   1597 |    522 |    168 |   1004 |   2 | 1059.5 |
   Elven Halls |   5272 |   5145 |    127 |   1226 |   2908 |   3 | 1757.3 |
        Vaults |  16373 |  14840 |   1533 |   5444 |   6155 |   5 | 3274.6 |
         Crypt |   5197 |   5047 |    150 |   1535 |   2452 |   3 | 1732.3 |
        Depths |  15826 |  15447 |    379 |   7147 |   5333 |   4 | 3956.5 |
           Zot |  13963 |  13704 |    259 |   6871 |   4289 |   5 | 2792.6 |
        Bazaar |    296 |    296 |      0 |      0 |    158 |   2 |  148.0 |
       Ossuary |    333 |    333 |      0 |    241 |     38 |   1 |  333.0 |
      Ice Cave |    721 |    721 |      0 |    150 |    407 |   1 |  721.0 |
               +--------+--------+--------+--------+--------+-----+--------+

Top non-repeatable levels by time:
Depths:3: 5375 daAuts
Depths:4: 4664 daAuts
Vaults:1: 3769 daAuts
Vaults:3: 3511 daAuts
Vaults:5: 3453 daAuts
Depths:2: 3410 daAuts
   Zot:5: 3102 daAuts
Vaults:4: 3009 daAuts
   Zot:2: 2880 daAuts
   Zot:4: 2825 daAuts
   Zot:1: 2778 daAuts
  Lair:2: 2717 daAuts
Vaults:2: 2629 daAuts
  Lair:5: 2574 daAuts
   Zot:3: 2376 daAuts
